 Dungeon Crawl Stone Soup version 0.29.1-15-g9cfb28693d (webtiles) character file.

Game seed: 13172527359807817568

200 croobank the Conjurer (level 5, -2/38 HPs)
             Began as a Demonspawn Conjurer on Mar 8, 2023.
             Slain by a gnoll
             ... wielding a +2 flail of protection
              (11 damage)
             ... on level 4 of the Dungeon.
             The game lasted 00:09:42 (3573 turns).

croobank the Conjurer (Demonspawn Conjurer)         Turns: 3573, Time: 00:09:43

Health: -2/38      AC:  3    Str:  7    XL:     5   Next: 49%
Magic:  2/9        EV: 12    Int: 22    God:
Gold:   111        SH:  0    Dex: 13    Spells: 3/9 levels left

rFire   . . .      SeeInvis .   k - +1 dagger (speed)
rCold   . . .      Faith    .   (no shield)
rNeg    . . .      Spirit   .   a - +0 robe
rPois   .          Reflect  .   (no helmet)
rElec   .          Harm     .   (no cloak)
rCorr   .          Rampage  .   l - +0 pair of gloves
Will    +....                   (no boots)
Stlth   +++.......              (no amulet)
HPRegen 0.12/turn               j - +4 ring of slaying
MPRegen 0.11/turn               r - ring of willpower

@: very slightly contaminated
A: hooves 2, thin skeletal structure 1
a: no special abilities


You were on level 4 of the Dungeon.
You visited 1 branch of the dungeon, and saw 4 of its levels.

You collected 111 gold pieces.

Inventory:

Hand Weapons
 b - a +0 hand axe
 c - a +0 quarterstaff
 d - a +0 flail
 e - a +0 trident
 f - a +0 short sword
 k - a +1 dagger of speed (weapon)
 q - a +0 sling
Missiles
 h - 3 boomerangs
Armour
 a - a +0 robe (worn)
 i - a +0 pair of boots
 l - a +0 pair of gloves (worn)
Jewellery
 j - a +4 ring of slaying (left hand)
 r - a ring of willpower (right hand)
Wands
 s - a wand of paralysis (14)
Scrolls
 m - 2 scrolls of identify {unknown}
 n - a scroll of magic mapping {unknown}
 o - a scroll of vulnerability {unknown}
Potions
 g - a potion of brilliance
 p - a potion of haste {unknown}


   Skills:
 + Level 2.0 Fighting
 + Level 2.8 Dodging
 + Level 2.9 Stealth
 + Level 2.9 Spellcasting
 + Level 4.7 Conjurations
 + Level 0.4 Hexes


You had 3 spell levels left.
You knew the following spells:

 Your Spells              Type           Power      Damage    Failure   Level
a - Magic Dart            Conj           96%        1d7       1%          1
b - Searing Ray           Conj           48%        2d6       2%          2
c - Dazzling Flash        Conj/Hex       28%        N/A       13%         3

Your spell library contained the following spells:

 Spells                   Type           Power      Damage    Failure   Level
 Fulminant Prism          Conj/Hex       7%         3d7       41%         4
 Iskenderun's Mystic Bla  Conj/Tloc      13%        2d5       43%         4


Dungeon Overview and Level Annotations

Branches:
Dungeon (4/15)
 Temple: D:4-7

Altars:
Qazlal
Uskayaw


Innate Abilities, Weirdness & Mutations

You have hoof-like feet.
You have a somewhat thin skeletal structure. (Dex +2, Stealth+)


Message History

The gnoll is heavily wounded.
The searing ray hits the gnoll.
The gnoll is moderately wounded.
The gnoll hits you with a +0 whip!
The searing ray hits the gnoll.
The gnoll is heavily wounded.
The searing ray hits the gnoll but does no damage.
The gnoll is moderately wounded.
The gnoll hits you with a +0 whip.
The searing ray hits the gnoll.
The gnoll is almost dead.
The searing ray hits the gnoll.
The gnoll is heavily wounded.
You finish channelling your searing ray.
The gnoll closely misses you.
Casting: Searing Ray (safe; 2% risk of failure)
Confirm with . or Enter, or press ? or * to list all spells.
Aiming: Searing Ray (safe; 2% risk of failure)
Press: ? - help, Shift-Dir - straight line, f - gnoll
Aim: a gnoll, wielding a +0 halberd (82% to hit)
Okay, then.
The gnoll attacks as you move away!
The gnoll hits you with a +2 flail of protection!
There is an open door here.
Casting: Searing Ray (safe; 2% risk of failure)
Confirm with . or Enter, or press ? or * to list all spells.
Aiming: Searing Ray (safe; 2% risk of failure)
Press: ? - help, Shift-Dir - straight line, f - gnoll
Aim: a gnoll, wielding a +0 halberd (82% to hit)
You miscast Searing Ray.
You are very lightly contaminated with residual magic.
Nothing appears to happen.
A gnoll comes into view. It is wielding a +0 spear.
Casting: Searing Ray (safe; 2% risk of failure)
Confirm with . or Enter, or press ? or * to list all spells.
You don't have enough magic to cast this spell.
The gnoll hits you with a +0 whip!
* * * LOW HITPOINT WARNING * * *
The gnoll hits you with a +2 flail of protection!
You die...

##########
######.........
#...@gg........
#...g#.........
#....#....g..##
#....#.......#
#...##.......#
##+##...##.......#
#.......####+#####
#..
+.......#........
#..
#.......#........


You could see 4 gnolls.

Vanquished Creatures
  A phantom (D:3)
  An orc wizard (D:3)
  An adder (D:3)
  3 dart slugs
  12 orcs (D:3)
  6 bats
  5 endoplasms
  5 giant cockroaches
  7 goblins
  5 hobgoblins
  4 jackals (D:2)
  2 quokkas (D:2)
  2 ball pythons
  7 kobolds
  3 rats
64 creatures vanquished.

Notes
Turn   | Place    | Note
-------+----------+-------------------------------------------
     0 | D:1      | croobank the Demonspawn Conjurer began the quest for the
                  | Orb.
     0 | D:1      | Reached XP level 1. HP: 13/13 MP: 3/3
    49 | D:1      | You fall into a shaft and drop 1 floor!
   317 | D:2      | Gained mutation: You have a somewhat thin skeletal
                  | structure. (Dex +2, Stealth+) [demonic ancestry]
   317 | D:2      | Reached XP level 2. HP: 17/19 MP: 0/5
   368 | D:2      | Learned a level 2 spell: Searing Ray
  1076 | D:1      | Found a faded altar of an unknown god.
  1490 | D:2      | Gained mutation: You have large cloven feet. [demonic
                  | ancestry]
  1490 | D:2      | Reached XP level 3. HP: 25/25 MP: 1/6
  1903 | D:2      | Reached skill level 1 in Fighting
  2082 | D:3      | Noticed a phantom
  2093 | D:3      | Killed a phantom
  2094 | D:3      | Gained mutation: You have hoof-like feet. [demonic
                  | ancestry]
  2094 | D:3      | Reached XP level 4. HP: 3/33 MP: 2/8
  2094 | D:3      | Reached XP level 5. HP: 4/38 MP: 2/9
  2095 | D:3      | HP: 1/38 [adder (3)]
  2596 | D:3      | Learned a level 3 spell: Dazzling Flash
  2627 | D:3      | Found a hide-covered altar of Uskayaw.
  2776 | D:3      | Found a stormy altar of Qazlal.
  3573 | D:4      | Slain by a gnoll

Illustrated notes

Levels and vault maps discovered:
D:1:      lemuel_arrival_muddy, layout_basic,
          hellmonk_ecumenical_altar_inner_sanctum
D:2:      layout_basic, minmay_octomino_e4
D:3:      layout_basic, overflow_temple_1_default, nicolae_uskayaw_dance_hall
D:4:      layout_gridville, minmay_cupped

Skill      XL: |  1  2  3  4  5 |
---------------+----------------+-----
Stealth        | 2 |  2.9
Dodging        | 2 |  2.8
Fighting       | 1 2 |  2.0
Spellcasting   | |  2.9
Conjurations   | |  4.7
Hexes          | |  0.4

Action                   |  1- 3 |  4- 6 || total
-------------------------+-------+-------++-------
Melee: Quarterstaff      |    18 |       ||    18
       Unarmed           |     2 |       ||     2
       Dagger            |    10 |    13 ||    23
       Kick              |     2 |     2 ||     4
 Cast: Magic Dart        |    41 |    23 ||    64
       Searing Ray       |    12 |     6 ||    18
  Use: Scroll            |     1 |       ||     1
       Potion            |     1 |     5 ||     6
 Stab: Sleeping          |     4 |       ||     4
       Invisible         |       |     1 ||     1
Armor: Robe              |     9 |     4 ||    13
       Skin              |       |     6 ||     6
Dodge: Dodged            |    27 |     8 ||    35
